 Dungeon Crawl Stone Soup version 0.18.1-5-g4a78601 (webtiles) character file.

81 oplop the Chiller (level 4, 0/30 HPs)
             Began as a Merfolk Ice Elementalist on May 9, 2016.
             Slain by a rat (2 damage)
             ... on level 3 of the Dungeon.
             The game lasted 00:03:25 (2101 turns).

oplop the Chiller (Merfolk Ice Elementalist)        Turns: 2101, Time: 00:03:26

Health: 0/30       AC:  2    Str:  8      XL:     4   Next: 42%
Magic:  6/7        EV: 13    Int: 15      God:
Gold:   90         SH:  0    Dex:  9 (14) Spells: 2 memorised, 4 levels left

rFire  . . .     SeeInvis .     t - +1 dagger (venom)
rCold  . . .     Gourm    .     a - +0 robe
rNeg   . . .     Faith    .     (no shield)
rPois  .         Spirit   .     (no helmet)
rElec  .         Dismiss  .     (no cloak)
rCorr  .         Reflect  .     (no gloves)
SustAt .         Harm     .     (no boots)
MR     .....                    (no amulet)
Stlth  ++........               (no ring)
                                (no ring)

@: not resistant to hostile enchantments, unstealthy
A: change form in water, swift swim
a: no special abilities


You were on level 3 of the Dungeon.
You were hungry.

You visited 1 branch of the dungeon, and saw 3 of its levels.

You collected 90 gold pieces.

Inventory:

Hand Weapons
 k - a +2 dagger of flaming
 t - a +1 dagger of venom (weapon)
Armour
 a - a +0 robe (worn)
Scrolls
 h - a scroll of immolation {unknown}
 j - 4 scrolls of remove curse {unknown}
 m - a scroll of random uselessness {unknown}
 n - a scroll of fog {unknown}
 q - a scroll of amnesia {unknown}
Potions
 e - a potion of brilliance {unknown}
 f - a potion of curing {unknown}
 i - a potion of mutation {unknown}
 o - a potion of agility {unknown}
 p - a potion of invisibility {unknown}
 r - a potion of heal wounds {unknown}
 s - a potion of ambrosia {unknown}
Books
 b - a book of Frost

   Spells                             Type                      Level
   a - Freeze                         Ice                          1
   b - Throw Frost                    Conjuration/Ice              2
   c - Ozocubu's Armour               Charms/Ice                   3
   d - Throw Icicle                   Conjuration/Ice              4
   e - Summon Ice Beast               Ice/Summoning                4
Comestibles
 c - 2 bread rations
 d - a slice of pizza
 g - 3 fruits
 l - a meat ration


   Skills:
 + Level 3.9 Dodging
 - Level 2.1 Stealth
 + Level 2.3 Spellcasting
 - Level 0.7 Conjurations
 * Level 4.7 Ice Magic


You had 4 spell levels left.
You knew the following spells:

 Your Spells              Type           Power        Failure   Level  Hunger
a - Freeze                Ice            ###.         3%          1    #......
b - Throw Frost           Conj/Ice       #.....       12%         2    ###....


Dungeon Overview and Level Annotations

Branches:
Dungeon (3/15)

Altars:
Pakellas


Message History

Press: ? - help, Shift-Dir - straight line, f - rat
Aim: a rat (poisoned)
You freeze the rat.
You kill the rat!
The orc shouts!
A rat and an orc come into view.
Found a robe, a leather armour and 8 poisoned tomahawks.
An orc priest comes into view.
A crimson imp comes into view.
An orc comes into view. It is wielding a flail of draining.
The orc shouts!
Found 13 arrows and a robe.
You see here 15 gold pieces.
The crimson imp shouts!
The orc priest shouts!
The orc shouts!
The orc hits you with a war axe of flaming.
* * * LOW HITPOINT WARNING * * *
The orc burns you.
* * * LOW HITPOINT WARNING * * *
The rat bites you.
You die...

######## ##......##
##........##
#......[...#
#..........#
#...$o.....#
#...@......# #######
#...r..o..>###.....#
##...5o............##
#..........# #.......
#[....o.[.(# #.(.....
#..........# #..<..##
#.(....[...# ##>#####
#....$...!.# #.# #.#


You could see an orc priest, a crimson imp, 3 orcs and a rat.

Vanquished Creatures
  An ooze (D:1)
  3 worms
  4 dart slugs
  5 giant geckos
  4 bats
  4 giant cockroaches
  3 goblins
  8 hobgoblins
  2 jackals (D:1)
  2 quokkas (D:2)
  3 giant newts
  9 kobolds
  5 rats
53 creatures vanquished.

Notes
Turn   | Place    | Note
--------------------------------------------------------------
     0 | D:1      | oplop the Merfolk Ice Elementalist began the quest for the Orb.
     0 | D:1      | Reached XP level 1. HP: 13/13 MP: 3/3
   265 | D:1      | Reached XP level 2. HP: 16/19 MP: 0/5
   672 | D:1      | Reached skill level 4 in Ice Magic
   719 | D:1      | Reached XP level 3. HP: 13/24 MP: 0/6
  1496 | D:2      | Reached XP level 4. HP: 23/30 MP: 7/7
  1814 | D:3      | Learned a level 2 spell: Throw Frost
  2010 | D:3      | Found an oddly glowing altar of Pakellas.
  2101 | D:3      | Slain by a rat

Skill      XL: |  1  2 |
---------------+-------+-----
Dodging        | 3 |  3.9
Ice Magic      | 4 |  4.7
Stealth        | |  2.1
Spellcasting   | |  2.3
Conjurations   | |  0.7

Action                   |  1- 3 |  4- 6 || total
-------------------------+-------+-------++-------
Melee: Unarmed           |    30 |       ||    30
       Dagger            |    40 |    55 ||    95
 Cast: Freeze            |    42 |    12 ||    54
 Stab: Sleeping          |     3 |     3 ||     6
  Eat: Chunk             |     3 |     1 ||     4
Armor: Robe              |    25 |    17 ||    42
Dodge: Dodged            |    85 |    59 ||   144
